 Dungeon Crawl Stone Soup version 0.31-a0-219-g8d62b2e7bb (webtiles) character file.

Game seed: 3961918934198664709

3849 qw the Skirmisher (level 9, -6/81 HPs)
             Began as a Minotaur Hexslinger on July 3, 2023.
             Mangled by a hornet (9 damage)
             ... on level 8 of the Dungeon.
             The game lasted 00:03:13 (8028 turns).

qw the Skirmisher (Minotaur Hexslinger)             Turns: 8028, Time: 00:03:14

Health: -6/81      AC: 11    Str: 13    XL:     9   Next: 98%
Magic:  9/9        EV: 13    Int: 10    God:
Gold:   368        SH:  5    Dex: 19    Spells: 9/10 levels left

rFire   . . .        a - +4 sling (heavy)
rCold   . . .        (no shield)
rNeg    + . .        c - +3 ring mail
rPois   .            (helmet restricted)
rElec   +            e - +0 cloak
rCorr   .            h - +0 pair of gloves
SInv    +            (no boots)
Will    .....        o - amulet of reflection Stlth
                     b - ring of positive energy
HPRegen 0.33/turn    i - ring "Qashenia" {Fly rElec Dex+2 SInv Stlth-}
MPRegen 0.11/turn

%: reflection
@: lethally poisoned (-6 -> -29), about to teleport, flying, slowed, very slow
A: horns 2, retaliatory headbutt
a: no special abilities


You were on level 8 of the Dungeon.
You visited 2 branches of the dungeon, and saw 9 of its levels.
You also visited: Sewer.

You collected 448 gold pieces.
You spent 80 gold pieces at shops.


Innate Abilities, Weirdness & Mutations

You have a pair of horns on your head.
You reflexively headbutt those who attack you in melee.


   Skills:
 - Level 8.0 Fighting
 + Level 12.5 Ranged Weapons
 - Level 4.0 Armour
 - Level 5.3 Dodging
 - Level 1.0 Spellcasting
 - Level 2.0 Hexes


You had 9 spell levels left.
You knew the following spells:

 Your Spells              Type           Power      Damage    Failure   Level
a - Slow                  Hex            16%        N/A       30%         1

Your spell library contained the following spells:

 Spells                   Type           Power      Damage    Failure   Level
 Inner Flame              Hex/Fire       2%         N/A       80%         3
 Portal Projectile        Hex/Tloc       4%         N/A       80%         3
 Cause Fear               Hex            2%         N/A       97%         4

Inventory:

Hand Weapons
 a - a +4 heavy sling (weapon)
Armour
 c - a +3 ring mail (worn)
 e - a +0 cloak (worn)
 h - a +0 pair of gloves (worn)
 k - the +1 ring mail of Ru's Supremacy {-Cast rElec rN+ Str+2}
   (You found it on level 5 of the Dungeon)

   Str:       It affects your strength (+2).
   rElec:     It insulates you from electricity.
   rN:        It protects you from negative energy.
   -Cast:     It prevents spellcasting.
 n - a scarf of invisibility
Jewellery
 b - a ring of positive energy (left hand)
 i - the ring "Qashenia" (right hand) {Fly rElec Dex+2 SInv Stlth-}
   (You found it in a sewer)

   [ring of flight]

   Dex:       It affects your dexterity (+2).
   rElec:     It insulates you from electricity.
   SInv:      It lets you see invisible.
   Fly:       It grants you flight.
   Stlth:     It makes you less stealthy.
 l - a ring of ice
 o - an amulet of reflection (around neck)
Scrolls
 d - a scroll of identify
 p - a scroll of vulnerability {unknown}
Potions
 f - 4 potions of curing
 g - 4 potions of heal wounds
 j - a potion of attraction {unknown}

Dungeon Overview and Level Annotations

Branches:
Dungeon (8/15)             Temple (1/1) D:5           Sewer (visited)
   Lair: D:8-11

Altars:
Gozag
Hepliaklqana
Kikubaaqudgha
Makhleb
Nemelex Xobeh
Qazlal
Uskayaw
Wu Jian
Xom
Zin

Shops:
D:1 *   D:3 [

Annotations:
D:4 1 runed translucent door, qw's ghost, amateur GrFi


Message History

You feel very sick.
The hornet stings you but does no damage.
The hornet barely misses you.
You can move again.
You shoot a sling bullet.
The sling bullet barely misses the hornet.
You feel yourself speed up.
You feel very sick.
The hornet stings you but does no damage.
The hornet stings you!
You feel yourself slow down. The hornet misses you.
You block the orc priest's attack.
You shoot a sling bullet. The sling bullet hits the hornet.
The hornet is moderately wounded.
You feel sick. The hornet stings you!
You feel as though you will be slow longer.
The hornet stings you!
You are more poisoned.
You feel as though you will be slow longer.
The orc priest hits you but does no damage.
You shoot a sling bullet.
The sling bullet closely misses the hornet.
You feel extremely sick. The hornet stings you.
You are more poisoned.
You feel as though you will be slow longer.
The hornet stings you.
You are more poisoned.
You feel as though you will be slow longer.
The orc priest mumbles some strange prayers to Beogh against you.
Pain shoots through your body!
The hornet stings you but does no damage.
The orc priest invokes the aid of Beogh against you.
You struggle to resist.
8028 ||| READING scroll of teleportation.
As you read the scroll of teleportation, it crumbles to dust.
You feel strangely unstable.
You feel extremely sick. The hornet barely misses you.
The orc priest closely misses you. The hornet stings you!
You die...

#.................... +
#........#.###...... #
#...)....#.....(###.#..
#........###......(....
#........# #..#.###.#.
# #........# #..#.# .
####'##### #..#.# # .
#. #.# ##.#.#.#.... #.
###.# ###@y.....# #.
#...#### #...o.###.# #.
###......# #.#...... ..
#....###.# #.##.#.....
. ###....#.#
#.##.####.# # #..#.#.#
##[...# # .# ##.#...#
...# ## ...
####.#)#####.#.# ##.
.....).......#.# ##


You could see a hornet and an orc priest.

Vanquished Creatures
  3 water moccasins
  Duvessa (D:7)
  2 orc warriors
  3 ice beasts
  A sky beast (D:7)
  A black bear (D:6)
  2 ogres
  A centaur (D:6)
  3 phantoms
  3 kobold brigands
  4 bullfrogs
  A gnoll sergeant (D:8)
  2 scorpions
  Dowan (D:7)
  10 killer bees
  2 howler monkeys
  5 orc priests
  5 hounds
  2 gnoll boudas
  A sleepcap (D:6)
  Natasha (D:1)
  Ijyb (D:4)
  5 iguanas
  5 orc wizards
  Robin (D:2)
  11 gnolls
  10 adders
  2 ufetubi
  4 worms
  4 dart slugs
  27 orcs
  6 bats
  8 endoplasms
  13 giant cockroaches
  9 hobgoblins
  6 jackals
  5 quokkas
  12 ball pythons
  9 frilled lizards
  23 goblins
  19 kobolds
  7 rats
241 creatures vanquished.

Notes
Turn   | Place    | Note
-------+----------+-------------------------------------------
     0 | D:1      | qw the Minotaur Hexslinger began the quest for the Orb.
     0 | D:1      | Reached XP level 1. HP: 16/16 MP: 1/1
     0 | D:1      | 0 ||| qw: Version: 0.3-a-40-ge99b1a8
     0 | D:1      | 0 ||| qw: Game counter: 437
     0 | D:1      | 0 ||| qw: Melee chars always use a shield: true
     0 | D:1      | 0 ||| qw: God list: Okawaru
     0 | D:1      | 0 ||| qw: Allow faded altars: false
     0 | D:1      | 0 ||| qw: Do Orc after clearing Dungeon:15 true
     0 | D:1      | 0 ||| qw: Do second Lair branch before Depths: true
     0 | D:1      | 0 ||| qw: Lair rune preference: random
     0 | D:1      | 0 ||| qw: Goals: Normal
     0 | D:1      | 0 ||| PLANNING D:1-11
   123 | D:1      | Reached skill level 3 in Ranged Weapons
   123 | D:1      | Reached XP level 2. HP: 21/23 MP: 2/2
   228 | D:1      | 228 ||| FLEEEEING.
   229 | D:1      | 229 ||| FLEEEEING.
   331 | D:1      | Found Xoduomah's Assorted Antiques.
   334 | D:1      | 334 ||| SHOPLISTING runed shortbow (108 gold, have 19).
   334 | D:1      | 334 ||| SHOPLISTING runed sling (81 gold, have 19).
   334 | D:1      | 334 ||| BUYING scroll labelled EDASEU KUBROMAM (18 gold).
   334 | D:1      | Bought a scroll labelled EDASEU KUBROMAM for 18 gold pieces
   334 | D:1      | 334 ||| SHOPLISTING scroll labelled QIBUOXZAICO (18 gold,
                  | have 1).
   334 | D:1      | 334 ||| SHOPLISTING small copper amulet (90 gold, have 1).
   595 | D:1      | Reached XP level 3. HP: 29/29 MP: 3/3
   678 | D:1      | 678 ||| UPGRADING to +0 pair of gloves.
   683 | D:1      | 683 ||| READING scroll labelled QIBUOXZAICO.
   684 | D:1      | 684 ||| READING scroll labelled EDASEU KUBROMAM.
   685 | D:1      | 685 ||| DROPPING scroll of poison.
   721 | D:2      | Noticed Natasha
   723 | D:2      | Noticed Robin
   727 | D:2      | 727 ||| STAIRDANCE
   730 | D:1      | HP: 4/29 [goblin/+0 dagger[Robin] (5)]
   731 | D:1      | Killed Natasha
   732 | D:1      | Reached skill level 4 in Ranged Weapons
   822 | D:2      | 822 ||| STAIRDANCE
   825 | D:1      | Reached XP level 4. HP: 18/36 MP: 4/4
   908 | D:2      | Killed Robin
   995 | D:2      | Reached skill level 5 in Ranged Weapons
  1094 | D:2      | Found a faded altar of an unknown god.
  1254 | D:2      | 1254 ||| FLEEEEING.
  1427 | D:2      | 1427 ||| READING scroll labelled KAXKIUHANE.
  1428 | D:2      | 1428 ||| READING 2 scrolls labelled CIHEOGO BAKUIS.
  1429 | D:2      | 1429 ||| READING scroll labelled DEHAIN DITS.
  1430 | D:2      | 1430 ||| DRINKING 4 fizzy grey potions.
  1431 | D:2      | 1431 ||| DROPPING scroll of noise.
  1517 | D:3      | Reached skill level 3 in Fighting
  1560 | D:3      | Reached XP level 5. HP: 28/45 MP: 5/5
  1605 | D:3      | 1605 ||| FLEEEEING.
  1841 | D:3      | Found Licy's Antique Armour Emporium.
  1847 | D:3      | 1847 ||| BUYING leather armour (62 gold).
  1847 | D:3      | Bought a leather armour for 62 gold pieces
  1872 | D:3      | 1872 ||| UPGRADING to +0 leather armour.
  1893 | D:3      | 1893 ||| DROPPING +0 robe.
  2108 | D:3      | 2108 ||| UPGRADING to +3 ring mail.
  2118 | D:3      | 2118 ||| DROPPING +0 leather armour.
  2182 | D:3      | 2182 ||| DRINKING 3 bubbling silvery potions.
  2183 | D:3      | 2183 ||| READING 3 scrolls of identify.
  2183 | D:3      | 2183 ||| IDENTIFYING sapphire potion
  2184 | D:3      | 2184 ||| READING 2 scrolls of identify.
  2184 | D:3      | 2184 ||| IDENTIFYING grey potion
  2185 | D:3      | 2185 ||| DROPPING 2 potions of degeneration.
  2186 | D:3      | 2186 ||| DROPPING potion of brilliance.
  2209 | D:4      | Reached skill level 1 in Armour
  2271 | D:4      | Reached skill level 6 in Ranged Weapons
  2365 | D:4      | Found a burning altar of Makhleb.
  2397 | D:4      | Reached XP level 6. HP: 29/52 MP: 6/6
  2725 | D:4      | Noticed Ijyb
  2727 | D:4      | 2727 ||| FLEEEEING.
  2730 | D:4      | 2730 ||| FLEEEEING.
  2731 | D:4      | 2731 ||| FLEEEEING.
  2732 | D:4      | 2732 ||| FLEEEEING.
  2733 | D:4      | 2733 ||| FLEEEEING.
  2734 | D:4      | 2734 ||| FLEEEEING.
  2735 | D:4      | 2735 ||| FLEEEEING.
  2736 | D:4      | 2736 ||| FLEEEEING.
  2737 | D:4      | 2737 ||| FLEEEEING.
  2749 | D:4      | 2749 ||| FLEEEEING.
  2770 | D:4      | Killed Ijyb
  3028 | D:4      | Found a runed translucent door.
  3030 | D:4      | Noticed qw's ghost (amateur GrFi)
  3469 | D:4      | 3469 ||| UPGRADING to ring of positive energy.
  3470 | D:4      | 3470 ||| READING scroll labelled SUGHUM MUMEXKYAS.
  3471 | D:4      | 3471 ||| READING scroll labelled HIOSUDAOXEQ.
  3472 | D:4      | 3472 ||| READING scroll labelled MOETIUTIST.
  3473 | D:4      | 3473 ||| READING 2 scrolls of identify.
  3473 | D:4      | 3473 ||| IDENTIFYING viscous emerald potion
  3474 | D:4      | 3474 ||| DROPPING potion of lignification.
  3588 | D:5      | Entered Level 5 of the Dungeon
  3600 | D:5      | You fall into a shaft and drop 1 floor!
  3601 | D:6      | 3601 ||| PLANNING SEWER
  3632 | D:6      | HP: 11/52 [sleepcap (7)]
  3633 | D:6      | 3633 ||| DRINKING 3 potions of heal wounds.
  3699 | D:6      | Found a glowing drain.
  3707 | Sewer    | Entered a sewer
  3717 | Sewer    | 3717 ||| Stepping ~*~*~tactically~*~*~ (water).
  3889 | Sewer    | 3889 ||| Stepping ~*~*~tactically~*~*~ (water).
  3891 | Sewer    | Reached skill level 7 in Ranged Weapons
  3891 | Sewer    | Reached XP level 7. HP: 59/59 MP: 7/7
  3983 | Sewer    | 3983 ||| READING scroll of enchant weapon.
  3983 | Sewer    | 3983 ||| ENCHANTING +1 heavy sling.
  3986 | Sewer    | Identified the ring "Qashenia" {Fly rElec Dex+2 SInv
                  | Stlth-}
  4176 | Sewer    | 4176 ||| UPGRADING to +0 cloak.
  4181 | Sewer    | 4181 ||| UPGRADING to ring "Qashenia" {Fly rElec Dex+2 SInv
                  | Stlth-}.
  4201 | D:6      | 4201 ||| PLANNING D:1-11
  4277 | D:5      | Reached skill level 8 in Ranged Weapons
  4469 | D:5      | Identified the +1 ring mail of Ru's Supremacy {-Cast rElec
                  | rN+ Str+2}
  4565 | D:5      | Reached skill level 3 in Dodging
  4577 | D:5      | 4577 ||| READING scroll of enchant weapon.
  4577 | D:5      | 4577 ||| ENCHANTING +2 heavy sling.
  4582 | D:5      | Found a staircase to the Ecumenical Temple.
  4583 | D:5      | 4583 ||| PLANNING TEMPLE
  4588 | Temple   | Entered the Ecumenical Temple
  4588 | Temple   | Found a transporter.
  4588 | Temple   | Found a transporter.
  4590 | Temple   | Found a transporter.
  4590 | Temple   | Found a transporter.
  4600 | Temple   | 4600 ||| PLANNING D:1-11
  4690 | D:5      | 4690 ||| Stepping ~*~*~tactically~*~*~ (outnumbered).
  4703 | D:5      | Reached XP level 8. HP: 24/68 MP: 8/8
  4714 | D:5      | 4714 ||| FLEEEEING.
  4715 | D:5      | 4715 ||| FLEEEEING.
  4716 | D:5      | 4716 ||| FLEEEEING.
  4717 | D:5      | 4717 ||| STAIRDANCE
  4896 | D:5      | 4896 ||| READING scroll of enchant weapon.
  4896 | D:5      | 4896 ||| ENCHANTING +3 heavy sling.
  5201 | D:5      | 5201 ||| READING scroll labelled ORYCICRAOM.
  5261 | D:6      | Reached skill level 9 in Ranged Weapons
  5442 | D:6      | Reached skill level 6 in Fighting
  5586 | D:6      | 5586 ||| FLEEEEING.
  5742 | D:6      | Reached skill level 10 in Ranged Weapons
  5834 | D:6      | Reached skill level 3 in Armour
  6029 | D:6      | 6029 ||| DROPPING +1 ring mail of willpower.
  6030 | D:6      | 6030 ||| UPGRADING to amulet of reflection.
  6035 | D:6      | 6035 ||| READING scroll labelled OLURIU XERINYI.
  6147 | D:7      | Noticed Dowan
  6147 | D:7      | Noticed Duvessa
  6155 | D:7      | Killed Duvessa
  6158 | D:7      | Killed Dowan
  6159 | D:7      | Reached XP level 9. HP: 73/79 MP: 9/9
  6201 | D:7      | 6201 ||| STAIRDANCE
  6267 | D:7      | 6267 ||| STAIRDANCE
  6334 | D:7      | 6334 ||| STAIRDANCE
  6380 | D:7      | 6380 ||| FLEEEEING.
  6381 | D:7      | 6381 ||| FLEEEEING.
  6382 | D:7      | 6382 ||| STAIRDANCE
  6702 | D:7      | 6702 ||| DRINKING 6 potions of curing.
  6702 | D:7      | 6702 ||| (to cure confusion)
  6836 | D:7      | Reached skill level 11 in Ranged Weapons
  6876 | D:7      | 6876 ||| Stepping ~*~*~tactically~*~*~ (outnumbered).
  6877 | D:7      | 6877 ||| Stepping ~*~*~tactically~*~*~ (outnumbered).
  7201 | D:7      | 7201 ||| Stepping ~*~*~tactically~*~*~ (outnumbered).
  7203 | D:7      | 7203 ||| Stepping ~*~*~tactically~*~*~ (outnumbered).
  7205 | D:7      | 7205 ||| Stepping ~*~*~tactically~*~*~ (outnumbered).
  7210 | D:7      | Reached skill level 12 in Ranged Weapons
  7211 | D:7      | 7211 ||| FLEEEEING.
  7212 | D:7      | 7212 ||| FLEEEEING.
  7213 | D:7      | 7213 ||| FLEEEEING.
  7214 | D:7      | 7214 ||| FLEEEEING.
  7215 | D:7      | 7215 ||| FLEEEEING.
  7216 | D:7      | 7216 ||| FLEEEEING.
  7217 | D:7      | 7217 ||| FLEEEEING.
  7218 | D:7      | 7218 ||| FLEEEEING.
  7219 | D:7      | 7219 ||| FLEEEEING.
  7220 | D:7      | 7220 ||| FLEEEEING.
  7221 | D:7      | 7221 ||| FLEEEEING.
  7222 | D:7      | 7222 ||| FLEEEEING.
  7223 | D:7      | 7223 ||| FLEEEEING.
  7225 | D:7      | 7225 ||| FLEEEEING.
  7226 | D:7      | 7226 ||| FLEEEEING.
  7227 | D:7      | 7227 ||| FLEEEEING.
  7228 | D:7      | 7228 ||| FLEEEEING.
  7229 | D:7      | 7229 ||| FLEEEEING.
  7230 | D:7      | 7230 ||| FLEEEEING.
  7231 | D:7      | 7231 ||| FLEEEEING.
  7232 | D:7      | 7232 ||| FLEEEEING.
  7233 | D:7      | 7233 ||| FLEEEEING.
  7234 | D:7      | 7234 ||| FLEEEEING.
  7235 | D:7      | 7235 ||| FLEEEEING.
  7236 | D:7      | 7236 ||| FLEEEEING.
  7237 | D:7      | 7237 ||| FLEEEEING.
  7239 | D:7      | 7239 ||| FLEEEEING.
  7240 | D:7      | 7240 ||| FLEEEEING.
  7241 | D:7      | 7241 ||| FLEEEEING.
  7315 | D:7      | 7315 ||| READING scroll labelled BANGOO DOEHELA.
  7319 | D:7      | 7319 ||| READING scroll labelled SILOAVV KAUHEF.
  7464 | D:8      | 7464 ||| FLEEEEING.
  7465 | D:8      | 7465 ||| STAIRDANCE
  7512 | D:8      | 7512 ||| STAIRDANCE
  7849 | D:8      | 7849 ||| FLEEEEING.
  7850 | D:8      | 7850 ||| FLEEEEING.
  7851 | D:8      | 7851 ||| FLEEEEING.
  7852 | D:8      | 7852 ||| FLEEEEING.
  7853 | D:8      | 7853 ||| FLEEEEING.
  7854 | D:8      | 7854 ||| FLEEEEING.
  7855 | D:8      | 7855 ||| FLEEEEING.
  7856 | D:8      | 7856 ||| FLEEEEING.
  7857 | D:8      | 7857 ||| FLEEEEING.
  7858 | D:8      | 7858 ||| FLEEEEING.
  7859 | D:8      | 7859 ||| FLEEEEING.
  7860 | D:8      | 7860 ||| FLEEEEING.
  7861 | D:8      | 7861 ||| FLEEEEING.
  7863 | D:8      | 7863 ||| FLEEEEING.
  7955 | D:8      | 7955 ||| FLEEEEING.
  7964 | D:8      | 7964 ||| DRINKING 5 potions of curing.
  7964 | D:8      | 7964 ||| (to cure confusion)
  8023 | D:8      | Paralysed by a hornet for 2 turns
  8027 | D:8      | HP: 16/81 [hornet (5)]
  8028 | D:8      | 8028 ||| READING scroll of teleportation.
  8028 | D:8      | HP: 3/81 [poisoned by a hornet]
  8028 | D:8      | Mangled by a hornet

Levels and vault maps discovered:
D:1:      nzn_arrival_settlement, layout_loops_ring, serial_shops,
          nicolae_shop_behind_doors
D:2:      layout_rooms, shapermc_ecumenical_altar_venn, minmay_goblin_outpost,
          uniq_robin, uniq_natasha
D:3:      layout_loops_ring, serial_shops, nicolae_shop_rolling_square,
          hex_large, hangedman_glass_teeth
D:4:      layout_basic, mainiacjoe_overflow_small_starburst,
          ebering_ghost_inner_flame, uniq_ijyb
D:5:      layout_basic, minmay_temple_entry_nine_rooms
D:6:      layout_gridville, portal_sewer_entry_b
D:7:      layout_loops_corners, uniq_duvessa
D:8:      layout_basic, grunt_ministairs_6
Temple:   hellmonk_temple_divided_pantheon

Skill      XL: |  1  2  3  4  5  6  7  8  9 |
---------------+----------------------------+-----
Ranged Weapons | 3 4 5 6 7 8 10 12 | 12.5
Fighting       | 2 3 4 5 7 8 |  8.0
Armour         | 1 2 3 4 |  4.0
Dodging        | 3 4 5 |  5.3
Spellcasting   | |  1.0
Hexes          | |  2.0

Action                     |  1- 3 |  4- 6 |  7- 9 || total
---------------------------+-------+-------+-------++-------
   Fire: Sling             |    71 |   204 |   315 ||   590
    Use: Scroll            |     2 |     9 |     8 ||    19
         Potion            |       |     3 |     2 ||     5
 Armour: Robe              |    12 |    10 |       ||    22
         Ring mail         |       |    48 |    78 ||   126
         Skin              |       |     1 |       ||     1
  Dodge: Dodged            |    43 |    69 |   138 ||   250
  Block: Other             |       |       |    28 ||    28
         Reflection        |       |       |     2 ||     2

Table legend:
 A = Non-vault XP
 B = Vault XP
 C = Vault XP percentage of total XP
 D = Non-vault monster count
 E = Vault monster count
 F = Vault count percentage of total count
                 A         B        C        D         E       F
            +---------+---------+-------+---------+---------+-------
      Total |    4381 |    1118 |  20.3 |     179 |      62 |  25.7
            +---------+---------+-------+---------+---------+-------
        D:1 |      44 |      47 |  51.6 |      25 |       6 |  19.4
        D:2 |      45 |      36 |  44.4 |      15 |      12 |  44.4
        D:3 |      91 |       0 |   0.0 |      21 |       0 |   0.0
        D:4 |     224 |      36 |  13.8 |      21 |       1 |   4.5
        D:5 |     730 |       0 |   0.0 |      17 |       0 |   0.0
        D:6 |    1152 |      13 |   1.1 |      22 |       7 |  24.1
        D:7 |    1332 |     333 |  20.0 |      35 |       4 |  10.3
        D:8 |     763 |     409 |  34.9 |      23 |       5 |  17.9
      Sewer |       0 |     244 | 100.0 |       0 |      27 | 100.0
            +---------+---------+-------+---------+---------+-------
